 Dungeon Crawl Stone Soup version 0.21-a0-344-g2144152 (webtiles) character file.

359 tidbits the Charmwright (level 6, -3/51 HPs)
             Began as a Gnoll Skald on Oct 4, 2017.
             Slain by an orc priest
             ... wielding a +0 flail of distortion
              (9 damage)
             ... on level 6 of the Dungeon.
             The game lasted 00:07:14 (1365 turns).

tidbits the Charmwright (Gnoll Skald)               Turns: 1365, Time: 00:07:15

Health: -3/51      AC:  5    Str: 14    XL:     6   Next: 65%
Magic:  7/14       EV: 13    Int: 17    God:
Gold:   193        SH:  0    Dex: 14    Spells: 4/15 levels left

rFire    . . .     SeeInvis .   a - +2 rapier (venom)
rCold    . . .     Gourm    .   (no shield)
rNeg     . . .     Faith    .   B - +0 ring mail
rPois    .         Spirit   .   (no helmet)
rElec    .         Reflect  .   (no cloak)
rCorr    .         Harm     .   (no gloves)
MR       .....                  (no boots)
Stlth    +.........             (no amulet)
HPRegen  1.17/turn              (no ring)
MPRegen  0.14/turn              (no ring)

@: regenerating
A: distributed training, fangs 1, strong nose
a: no special abilities


You were on level 6 of the Dungeon.
You were hungry.

You visited 1 branch of the dungeon, and saw 6 of its levels.

You collected 193 gold pieces.

Inventory:

Hand Weapons
 a - a +2 rapier of venom (weapon)
   (You found it on level 2 of the Dungeon)
 e - a +0 hand axe
 s - a cursed +0 scythe
Missiles
 h - 58 arrows
 u - 6 tomahawks (quivered)
Armour
 b - a +0 leather armour
 B - a +0 ring mail (worn)
Wands
 n - a wand of lightning (5/15)
 r - a wand of random effects (22/48)
 w - a wand of confusion (28/48)
Scrolls
 k - 3 scrolls of remove curse {unknown}
 p - a scroll of enchant armour {unknown}
 v - a scroll of teleportation {unknown}
 x - a scroll of amnesia {unknown}
Potions
 g - 4 potions of curing
 j - a potion of haste {unknown}
 l - a potion of lignification {unknown}
 m - a potion of might {unknown}
 o - a potion of ambrosia {unknown}
 t - a potion of degeneration {unknown}
Books
 c - a book of Battle

   Spells                             Type                      Level
   a - Infusion                       Charms                       1
   b - Shroud of Golubria             Charms/Translocation         2
   c - Song of Slaying                Charms                       2
   d - Spectral Weapon                Hexes/Charms                 3
   e - Regeneration                   Charms/Necromancy            3
Comestibles
 d - 3 bread rations
 f - a fruit
 i - a meat ration
 q - 2 chunks of flesh


   Skills:
 + Level 5.0 Fighting
 + Level 2.0 Short Blades
 + Level 2.0 Long Blades
 + Level 5.0 Axes
 + Level 2.0 Maces & Flails
 + Level 2.0 Polearms
 + Level 2.0 Staves
 + Level 2.0 Slings
 + Level 2.0 Bows
 + Level 2.0 Crossbows
 + Level 2.0 Throwing
 + Level 3.3 Armour
 + Level 5.0 Dodging
 + Level 2.0 Stealth
 + Level 2.0 Shields
 + Level 2.0 Unarmed Combat
 + Level 5.4 Spellcasting
 + Level 2.0 Conjurations
 + Level 2.0 Hexes
 + Level 6.8 Charms
 + Level 2.0 Summonings
 + Level 2.0 Necromancy
 + Level 2.0 Translocations
 + Level 2.0 Transmutations
 + Level 2.0 Fire Magic
 + Level 2.0 Ice Magic
 + Level 2.0 Air Magic
 + Level 2.0 Earth Magic
 + Level 2.0 Poison Magic
 + Level 2.0 Invocations
 + Level 2.0 Evocations


You had 4 spell levels left.
You knew the following spells:

 Your Spells              Type           Power        Failure   Level  Hunger
g - Shroud of Golubria    Chrm/Tloc      ###.......   6%          2    #......
i - Infusion              Chrm           ####         1%          1    None
r - Regeneration          Chrm/Necr      ###.......   13%         3    ##.....
w - Spectral Weapon       Hex/Chrm       ###.....     13%         3    ##.....
y - Song of Slaying       Chrm           ####....     2%          2    #......


Dungeon Overview and Level Annotations

Branches:
Dungeon (5/15)
 Temple: D:4-7

Altars:
Kikubaaqudgha


Innate Abilities, Weirdness & Mutations

Your experience applies equally to all skills.
You have very sharp teeth.
Your uncanny sense of smell can sniff out nearby items.


Message History

A kobold comes into view.
Found a scroll labeled IXZEOXZA LEFUO.
k - 2 scrolls labeled IXZEOXZA LEFUO (gained 1)
There is an escape hatch in the floor here.
The kobold shouts!
The kobold hits you but does no damage.
Casting: Spectral Weapon
Confirm with . or Enter, or press ? or * to list all spells.
You draw out your weapon's spirit!
The kobold barely misses you.
You closely miss the kobold.
Your spectral weapon hits the kobold.
The kobold is poisoned.
The kobold misses you.
You puncture the kobold!
You kill the kobold!
Found a meat ration.
i - a meat ration You swap places.
You swap places.
Your spectral weapon fades away.
Found 14 gold pieces.
You now have 185 gold pieces (gained 14).
Found a scroll labeled IXZEOXZA LEFUO.
k - 3 scrolls labeled IXZEOXZA LEFUO (gained 1)
Found a ring mail.
Found a scroll labeled DITHRU ITYRUERE.
Found a faded altar of an unknown god.
x - a scroll labeled DITHRU ITYRUERE
Found 8 gold pieces.
You now have 193 gold pieces (gained 8).
You found a shaft!
There is a shaft here.
You fall through a shaft for 3 floors!
The shaft crumbles and collapses.
An orc priest comes into view. It is wielding a dagger.
You found a shaft!
The orc priest shouts!
You hear a shout! x2
Casting: Spectral Weapon
Confirm with . or Enter, or press ? or * to list all spells.
You see a puff of smoke.
Nothing appears to happen.
Unknown command.
Casting: Spectral Weapon
Confirm with . or Enter, or press ? or * to list all spells.
You draw out your weapon's spirit!
The orc priest invokes the aid of Beogh against you.
Beogh smites you!
You hear a shout!
An orc comes into view. It is wielding a hand axe.
The orc priest hits you with a dagger.
An orc and an orc priest come into view.
The orc priest is wielding a flail of distortion.
The orc priest shouts!
You hit the orc priest but do no damage.
The orc priest is poisoned.
You bite the orc priest.
The orc priest is lightly wounded.
The orc priest misses you.
Your spectral weapon barely misses the orc priest.
The orc priest invokes the aid of Beogh against you.
Beogh smites you!
You are feeling hungry.
You hit the orc priest.
The orc priest is heavily wounded.
Your spectral weapon closely misses the orc priest.
The orc priest barely misses you.
You hit the orc priest.
The orc priest is severely wounded.
Your spectral weapon hits the orc priest.
The orc priest looks as sick as possible!
The orc priest hits your spectral weapon but does no damage.
The orc priest calls upon Beogh to heal the orc priest.
The orc priest is healed somewhat.
You barely miss the orc priest.
The orc priest is heavily wounded.
Your spectral weapon hits the orc priest!
You kill the orc priest!
The orc hits your spectral weapon with a hand axe.
Casting: Spectral Weapon
Confirm with . or Enter, or press ? or * to list all spells.
Your skin crawls.
The orc hits your spectral weapon with a hand axe.
Your spectral weapon shares its damage with you!
The orc priest calls down the wrath of Beogh upon you.
Beogh smites you!
* * * LOW HITPOINT WARNING * * *
The orc closely misses you. The orc hits you with a hand axe!
* * * LOW HITPOINT WARNING * * *
The orc hits your spectral weapon but does no damage.
Things that are here:
a dagger; a ring mail You feel better.
The orc misses you. The orc hits you but does no damage.
The orc hits your spectral weapon but does no damage.
You puncture the orc!
You kill the orc!
The orc barely misses you.
The orc priest calls down the wrath of Beogh upon you.
Beogh smites you!
* * * LOW HITPOINT WARNING * * *
You completely miss the orc priest.
Your spectral weapon hits the orc priest!
The orc priest is poisoned.
The orc priest hits you with a flail of distortion!
You die...

#... ... . #..
..##..####
.........+
......... #..oo#
#..(@##+#######
##.............#
.................#
.........^.##....#
..##...##..# ...#
. #... #..# ..#
#... #..# .. #...
#..# . ... #..#


You could see an orc priest, an orc and a friendly spectral rapier of venom.

Vanquished Creatures
  Sigmund (D:3)
  A hound (D:4)
  An orc priest (D:6)
  A worker ant (D:4)
  4 gnolls (D:3)
  3 adders
  An adder zombie (D:2)
  2 leopard geckos
  An orc (D:6)
  A ball python (D:2)
  5 bats
  3 giant cockroaches
  3 goblins
  5 hobgoblins
  2 jackals (D:2)
  A quokka (D:3)
  A frilled lizard (D:1)
  A jackal skeleton (D:4)
  7 kobolds
  A leopard gecko skeleton (D:4)
  4 rats
49 creatures vanquished.

Notes
Turn   | Place    | Note
-------+----------+-------------------------------------------
     0 | D:1      | tidbits the Gnoll Skald began the quest for the Orb.
     0 | D:1      | Reached XP level 1. HP: 20/20 MP: 6/6
    69 | D:1      | Reached XP level 2. HP: 26/26 MP: 1/7
    74 | D:1      | Learned a level 2 spell: Song of Slaying
    77 | D:1      | Learned a level 2 spell: Shroud of Golubria
   154 | D:2      | Found an ancient bone altar of Kikubaaqudgha.
   204 | D:2      | Reached XP level 3. HP: 26/31 MP: 9/9
   209 | D:2      | Learned a level 3 spell: Regeneration
   213 | D:2      | Learned a level 3 spell: Spectral Weapon
   299 | D:2      | Reached skill level 5 in Spellcasting
   696 | D:3      | Reached skill level 1 in Short Blades
   696 | D:3      | Reached skill level 1 in Long Blades
   696 | D:3      | Reached skill level 1 in Maces & Flails
   696 | D:3      | Reached skill level 1 in Polearms
   696 | D:3      | Reached skill level 1 in Staves
   696 | D:3      | Reached skill level 1 in Slings
   696 | D:3      | Reached skill level 1 in Bows
   696 | D:3      | Reached skill level 1 in Crossbows
   696 | D:3      | Reached skill level 1 in Throwing
   696 | D:3      | Reached skill level 1 in Stealth
   696 | D:3      | Reached skill level 1 in Shields
   696 | D:3      | Reached skill level 1 in Unarmed Combat
   696 | D:3      | Reached skill level 1 in Conjurations
   696 | D:3      | Reached skill level 1 in Hexes
   696 | D:3      | Reached skill level 1 in Summonings
   696 | D:3      | Reached skill level 1 in Necromancy
   696 | D:3      | Reached skill level 1 in Translocations
   696 | D:3      | Reached skill level 1 in Transmutations
   696 | D:3      | Reached skill level 1 in Fire Magic
   696 | D:3      | Reached skill level 1 in Ice Magic
   696 | D:3      | Reached skill level 1 in Air Magic
   696 | D:3      | Reached skill level 1 in Earth Magic
   696 | D:3      | Reached skill level 1 in Poison Magic
   696 | D:3      | Reached skill level 1 in Invocations
   696 | D:3      | Reached skill level 1 in Evocations
   696 | D:3      | Reached XP level 4. HP: 22/38 MP: 8/11
   724 | D:3      | Noticed Sigmund
   737 | D:3      | Killed Sigmund
   737 | D:3      | Reached skill level 3 in Armour
   737 | D:3      | Reached XP level 5. HP: 41/43 MP: 1/12
   737 | D:3      | Reached XP level 6. HP: 48/50 MP: 1/13
  1045 | D:5      | Entered Level 5 of the Dungeon
  1133 | D:4      | Reached skill level 5 in Fighting
  1133 | D:4      | Reached skill level 2 in Short Blades
  1133 | D:4      | Reached skill level 2 in Long Blades
  1133 | D:4      | Reached skill level 5 in Axes
  1133 | D:4      | Reached skill level 2 in Maces & Flails
  1133 | D:4      | Reached skill level 2 in Polearms
  1133 | D:4      | Reached skill level 2 in Staves
  1133 | D:4      | Reached skill level 2 in Slings
  1133 | D:4      | Reached skill level 2 in Bows
  1133 | D:4      | Reached skill level 2 in Crossbows
  1133 | D:4      | Reached skill level 2 in Throwing
  1133 | D:4      | Reached skill level 5 in Dodging
  1133 | D:4      | Reached skill level 2 in Stealth
  1133 | D:4      | Reached skill level 2 in Shields
  1133 | D:4      | Reached skill level 2 in Unarmed Combat
  1133 | D:4      | Reached skill level 2 in Conjurations
  1133 | D:4      | Reached skill level 2 in Hexes
  1133 | D:4      | Reached skill level 2 in Summonings
  1133 | D:4      | Reached skill level 2 in Necromancy
  1133 | D:4      | Reached skill level 2 in Translocations
  1133 | D:4      | Reached skill level 2 in Transmutations
  1133 | D:4      | Reached skill level 2 in Fire Magic
  1133 | D:4      | Reached skill level 2 in Ice Magic
  1133 | D:4      | Reached skill level 2 in Air Magic
  1133 | D:4      | Reached skill level 2 in Earth Magic
  1133 | D:4      | Reached skill level 2 in Poison Magic
  1133 | D:4      | Reached skill level 2 in Invocations
  1133 | D:4      | Reached skill level 2 in Evocations
  1325 | D:3      | Found a faded altar of an unknown god.
  1349 | D:3      | You fall through a shaft for 3 floors!
  1364 | D:6      | HP: 5/51 [orc priest/divine providence (15)]
  1365 | D:6      | Slain by an orc priest

Vault maps used:
D:1:      minmay_arrival_open_corners, lemuel_old_faithful
D:2:      kiku_gazebo_garden_becter
D:3:      chequers_ecumenical_altar_grove, first_bread, uniq_sigmund
D:5:      temple_green
D:6:      kennysheep_mini, nicolae_qazlal_general_emergency, uniq_edmund

Skill      XL: |  1  2  3  4  5  6 |
---------------+-------------------+-----
Spellcasting   | 5 |  5.4
Short Blades   | 1 2 |  2.0
Long Blades    | 1 2 |  2.0
Maces & Flails | 1 2 |  2.0
Polearms       | 1 2 |  2.0
Staves         | 1 2 |  2.0
Slings         | 1 2 |  2.0
Bows           | 1 2 |  2.0
Crossbows      | 1 2 |  2.0
Throwing       | 1 2 |  2.0
Stealth        | 1 2 |  2.0
Shields        | 1 2 |  2.0
Unarmed Combat | 1 2 |  2.0
Conjurations   | 1 2 |  2.0
Hexes          | 1 2 |  2.0
Summonings     | 1 2 |  2.0
Necromancy     | 1 2 |  2.0
Translocations | 1 2 |  2.0
Transmutations | 1 2 |  2.0
Fire Magic     | 1 2 |  2.0
Ice Magic      | 1 2 |  2.0
Air Magic      | 1 2 |  2.0
Earth Magic    | 1 2 |  2.0
Poison Magic   | 1 2 |  2.0
Invocations    | 1 2 |  2.0
Evocations     | 1 2 |  2.0
Armour         | 3 |  3.3
Fighting       | 5 |  5.0
Axes           | 5 |  5.0
Dodging        | 5 |  5.0
Charms         | |  6.8

Action                   |  1- 3 |  4- 6 || total
-------------------------+-------+-------++-------
Melee: Hand axe          |    18 |       ||    18
       Rapier            |    32 |    39 ||    71
       Bite              |     3 |     4 ||     7
       Punch             |     1 |       ||     1
 Cast: Infusion          |     4 |       ||     4
       Spectral Weapon   |     1 |    11 ||    12
       Regeneration      |       |     3 ||     3
  Use: Scroll            |       |     2 ||     2
       Potion            |       |     1 ||     1
 Stab: Sleeping          |       |     1 ||     1
  Eat: Chunk             |       |     2 ||     2
Armor: Leather armour    |     6 |       ||     6
       Ring mail         |     4 |     7 ||    11
Dodge: Dodged            |    51 |    38 ||    89

Table legend:
 A = Spawn XP
 B = Non-spawn XP
 C = Spawn XP percentage of total XP
 D = Spawn monster count
 E = Non-spawn monster count
 F = Spawn count percentage of total count
 G = Total turns spent on level
                    A         B        C        D         E        F      G
               +---------+---------+-------+---------+---------+-------+---------
         Total |       0 |     514 |   0.0 |       0 |      49 |   0.0 |  1365
               +---------+---------+-------+---------+---------+-------+---------
           D:1 |       0 |      20 |   0.0 |       0 |      12 |   0.0 |   264
           D:2 |       0 |      46 |   0.0 |       0 |      18 |   0.0 |   399
           D:3 |       0 |     327 |   0.0 |       0 |      13 |   0.0 |   436
           D:4 |       0 |      77 |   0.0 |       0 |       4 |   0.0 |   233
           D:6 |       0 |      44 |   0.0 |       0 |       2 |   0.0 |    16
               +---------+---------+-------+---------+---------+-------+---------

Table legend:
 A = Turns spent in this place as a percentage of turns spent in the entire game.
 B = Non-inter-level travel turns spent in this place as a percentage of non-inter-level travel turns spent in the entire game.
 C = Inter-level travel turns spent in this place as a percentage of turns spent in this place.
 D = Turns resting spent in this place as a percentage of non-inter-level travel turns spent in this place.
 E = Turns spent auto-exploring this place as a percentage of non-inter-level travel turns spent in this place.
 F = Non-inter-level travel turns spent in this place divided by the number of levels of this place that you've seen.
                   A       B       C       D       E      F
               +-------+-------+-------+-------+-------+----------------------
         Total | 100.0 | 100.0 |   4.5 |   0.0 |   0.0 | 217.3
       Dungeon | 100.0 | 100.0 |   4.5 |   0.0 |   0.0 | 217.3
               +-------+-------+-------+-------+-------+----------------------

Table legend:
 A = Kills in this place as a percentage of kills in entire the game.
 B = Kills by you in this place as a percentage of kills by you in the entire game.
 C = Kills by friends in this place as a percentage of kills by friends in the entire game.
 D = Other kills in this place as a percentage of other kills in the entire game.
 E = Experience gained in this place as a percentage of experience gained in the entire game.
 F = Experience gained in this place divided by the number of levels of this place that you have seen.
                   A       B       C       D       E      F
               +-------+-------+-------+-------+-------+----------------------
         Total | 100.0 | 100.0 |   N/A |   N/A | 100.0 |  85.7
       Dungeon | 100.0 | 100.0 |   N/A |   N/A | 100.0 |  85.7
               +-------+-------+-------+-------+-------+----------------------

Vault maps used:
D:1:      minmay_arrival_open_corners, lemuel_old_faithful
D:2:      kiku_gazebo_garden_becter
D:3:      chequers_ecumenical_altar_grove, first_bread, uniq_sigmund
D:5:      temple_green
D:6:      kennysheep_mini, nicolae_qazlal_general_emergency, uniq_edmund
